 Dungeon Crawl Stone Soup version 0.26.1-11-gd32895ea62 (webtiles) character file.

Game seed: 7387013523149316448

217 wafflestompin the Sneak (level 5, -5/24 HPs)
             Began as a Spriggan Enchanter on May 16, 2021.
             Killed by divine providence
             ... invoked by an orc priest
              (13 damage)
             ... on level 4 of the Dungeon.
             The game lasted 00:26:19 (5361 turns).

wafflestompin the Sneak (Spriggan Enchanter)        Turns: 5361, Time: 00:26:19

Health: -5/24      AC:  4    Str:  4    XL:     5   Next: 61%
Magic:  7/11       EV: 19    Int: 18    God:
Gold:   123        SH:  0    Dex: 16    Spells: 5/11 levels left

rFire    . . .     SeeInvis +   a - +2 dagger (venom)
rCold    . . .     Faith    .   (shield restricted)
rNeg     . . .     Spirit   .   e - +1 robe
rPois    .         Reflect  .   (helmet restricted)
rElec    .         Harm     .   t - +0 cloak
rCorr    .         Rampage  .   (gloves unavailable)
Will     .....                  (boots unavailable)
Stlth    ++++......             (no amulet)
HPRegen  0.08/turn              (no ring)
MPRegen  0.12/turn              (no ring)

@: very quick
A: very small, unfitting armour, see invisible, speed 3
a: no special abilities


You were on level 4 of the Dungeon.
You visited 1 branch of the dungeon, and saw 5 of its levels.

You collected 123 gold pieces.

Inventory:

Hand Weapons
 a - a +2 dagger of venom (weapon)
 b - a +0 hunting sling
 i - a +0 short sword
 l - a +1 dagger
Missiles
 f - 69 arrows
 h - 149 stones
Armour
 e - a +1 robe (worn)
 t - a +0 cloak (worn)
Jewellery
 c - an uncursed amulet of reflection {unknown}
Wands
 m - a wand of polymorph (8)
Scrolls
 d - 2 scrolls of identify {unknown}
 j - 2 scrolls of teleportation {unknown}
 k - 3 scrolls of amnesia {unknown}
 n - a scroll of remove curse {unknown}
 r - a scroll of immolation {unknown}
 s - a scroll of enchant armour
Potions
 g - a potion of mutation {unknown}
 o - a potion of heal wounds {unknown}
 p - a potion of lignification {unknown}
 q - a potion of magic {unknown}


   Skills:
 + Level 1.9 Short Blades
 * Level 3.5 Dodging
 * Level 7.1 Stealth
 * Level 3.5 Spellcasting
 + Level 4.9 Hexes
 + Level 1.0 Ice Magic


You had 5 spell levels left.
You knew the following spells:

 Your Spells              Type           Power        Failure   Level
a - Corona                Hex            23%          1%          1
b - Ensorcelled Hibernat  Hex/Ice        28%          7%          2
c - Tukima's Dance        Hex            21%          6%          3

Your spell library contained the following spells:

 Spells                   Type           Power        Failure   Level
 Confusing Touch          Hex            21%          6%          3
 Dazzling Flash           Conj/Hex       24%          17%         3


Dungeon Overview and Level Annotations

Branches:
Dungeon (5/15)             Temple (0/1) D:4

Altars:
Hepliaklqana
Okawaru
Uskayaw
Vehumet
Yredelemnul

Annotations:
D:5 Menkaure


Innate Abilities, Weirdness & Mutations

You are very small and have problems with some larger weapons.
You are too small for most types of armour.
You have supernaturally acute eyesight. (SInv)
You cover ground extremely quickly.


Message History

You destroy the centaur skeleton!
The orc priest looks satisfied for a moment.
Your Ice Magic skill increases to level 1!
Aiming: Ensorcelled Hibernation (safe; 7% risk of failure)
Press: ? - help, Q - select action, (/) - cycle Shift-Dir - straight line, f - orc wizard
Aim: an orc wizard, wielding a +0 dagger and wearing a +0 robe (chance to affect: 45%)
The orc wizard resists with some effort.
Aiming: Ensorcelled Hibernation (safe; 7% risk of failure)
Press: ? - help, Q - select action, (/) - cycle Shift-Dir - straight line, f/p - orc wizard
Aim: an orc wizard, wielding a +0 dagger and wearing a +0 robe (chance to affect: 45%)
The orc wizard looks drowsy...
The orc priest calls down the wrath of Beogh upon you.
Beogh smites you!
The orc wizard shouts!
There is a stone staircase leading down here.
You closely miss the orc wizard.
The orc priest mumbles some strange prayers to Beogh against you.
Beogh smites you!
Ouch! That really hurt!
You die...

#..###...## ##....o.S..##
#.....
#........#####....#######
#.....
##<..............##
...... ##.####..#####..#
....... ### #..# ##.#
.##..## #### #S# .# ..##
#o# #o# ### #@###.#
##...## #####


You could see an orc priest, an orc wizard and an adder.

Vanquished Creatures
  A centaur skeleton (D:4)
  An iguana (D:4)
  5 adders
  An ooze (D:2)
  6 worms
  6 dart slugs
  2 leopard geckos
  5 orcs (D:3)
  8 bats
  3 giant cockroaches
  4 hobgoblins
  6 jackals
  4 ball pythons
  A frilled lizard (D:1)
  9 goblins
  7 kobolds
  8 rats
  A spectral orc (D:3)
78 creatures vanquished.

Notes
Turn   | Place    | Note
-------+----------+-------------------------------------------
     0 | D:1      | wafflestompin the Spriggan Enchanter began the quest for
                  | the Orb.
     0 | D:1      | Reached XP level 1. HP: 9/9 MP: 5/5
    22 | D:1      | You fall into a shaft and drop 1 floor!
    36 | D:2      | Found a hide-covered altar of Uskayaw.
   574 | D:1      | Reached skill level 5 in Stealth
   574 | D:1      | Reached XP level 2. HP: 9/13 MP: 4/6
   589 | D:1      | Learned a level 2 spell: Ensorcelled Hibernation
  1385 | D:1      | Reached XP level 3. HP: 5/16 MP: 4/8
  3028 | D:2      | Reached skill level 6 in Stealth
  3028 | D:2      | Reached XP level 4. HP: 21/21 MP: 9/9
  4084 | D:3      | Found a faded altar of an unknown god.
  4238 | D:3      | Reached XP level 5. HP: 24/24 MP: 1/10
  4471 | D:3      | Found a hazy altar of Hepliaklqana.
  4542 | D:3      | Found a basalt altar of Yredelemnul.
  4910 | D:4      | Reached skill level 7 in Stealth
  4964 | D:4      | Found a radiant altar of Vehumet.
  4964 | D:4      | Found an iron altar of Okawaru.
  4983 | D:4      | Learned a level 3 spell: Tukima's Dance
  5046 | D:4      | Found a staircase to the Ecumenical Temple.
  5091 | D:5      | Entered Level 5 of the Dungeon
  5092 | D:5      | Noticed Menkaure
  5357 | D:4      | Reached skill level 1 in Ice Magic
  5361 | D:4      | Killed from afar by an orc priest

Illustrated notes

Levels and vault maps discovered:
D:1:      amcnicky_arrival_flooded_fountain, layout_loops_ring,
          minmay_hexomino_f4
D:2:      layout_basic, old_standard_altar
D:3:      layout_rooms, yredelemnul_forgotten_temple_becter, old_standard_altar,
          portal_sewer_entry_b, chequers_ecumenical_altar_simple
D:4:      layout_layer_cave, gammafunk_temple_overflow_elements,
          minmay_temple_entry_glass, minmay_diced_spiral
D:5:      layout_basic, lemuel_round_altar, gammafunk_ghost_cemetery,
          interstate_on_off, grunt_ministairs_9, mumra_transporter_accident,
          nicolae_dithmenos_the_darkroom, uniq_blork_the_orc, uniq_menkaure,
          uniq_pikel

Skill      XL: |  1  2  3  4  5 |
---------------+----------------+-----
Stealth        | 5 6 7 |  7.1
Hexes          | 4 |  4.9
Spellcasting   | 3 |  3.5
Ice Magic      | 1 |  1.0
Short Blades   | |  1.9
Dodging        | |  3.5

Action                   |  1- 3 |  4- 6 || total
-------------------------+-------+-------++-------
Melee: Dagger            |   127 |    84 ||   211
 Cast: Corona            |     3 |       ||     3
       Ensorcelled Hiber |    35 |    40 ||    75
  Use: Scroll            |     2 |       ||     2
 Stab: Sleeping          |    21 |    27 ||    48
       Distracted        |     1 |       ||     1
Armor: Robe              |    13 |     7 ||    20
Dodge: Dodged            |   108 |    49 ||   157
